 Dungeon Crawl Stone Soup version 0.29.0-4-gdea44cf6ec (webtiles) character file.

Game seed: 5730797754102308588

53 qw the Chopper (level 3, 0/21 HPs)
             Began as a Tengu Warper on Aug 28, 2022.
             Slain by a gnoll
             ... wielding a +0 flail
              (1 damage)
             ... on level 2 of the Dungeon.
             The game lasted 00:00:05 (1039 turns).

qw the Chopper (Tengu Warper)                       Turns: 1039, Time: 00:00:05

Health: 0/21       AC: 10    Str: 13    XL:     3   Next: 89%
Magic:  7/7        EV:  3    Int: 13    God:
Gold:   57         SH:  0    Dex: 13    Spells: 6/6 levels left

rFire   . . .      SeeInvis .   Y - +0 hand axe
rCold   . . .      Faith    .   (no shield)
rNeg    . . .      Spirit   .   k - +0 plate armour
rPois   .          Reflect  .   (helmet restricted)
rElec   .          Harm     .   (no cloak)
rCorr   .          Rampage  .   (no gloves)
Will    .....                   (boots unavailable)
Stlth   ..........              (no amulet)
HPRegen 0.07/turn               (no ring)
MPRegen 0.10/turn               (no ring)

@: no status effects
A: beak, talons 3
a: no special abilities


You were on level 2 of the Dungeon.
You visited 1 branch of the dungeon, and saw 2 of its levels.

You collected 57 gold pieces.


Innate Abilities, Weirdness & Mutations

You have a beak for a mouth.
You have claws for feet.


   Skills:
 - Level 2.0 Fighting
 + Level 4.0 Axes
 - Level 1.0 Throwing
 - Level 2.1 Armour
 - Level 2.1 Dodging
 - Level 2.0 Spellcasting
 - Level 2.4 Translocations


You had 6 spell levels left.
You didn't know any spells.
Your spell library contained the following spells:

 Spells                   Type           Power      Damage    Failure   Level
 Blink                    Tloc           14%        N/A       100%        2
 Gell's Gravitas          Tloc           7%         N/A       100%        3
 Lesser Beckoning         Tloc           7%         N/A       100%        3
 Teleport Other           Tloc           7%         N/A       100%        3
 Manifold Assault         Tloc           7%         N/A       100%        5

Inventory:

Hand Weapons
 d - a +0 club
 Y - a +0 hand axe (weapon)
Armour
 k - a +0 plate armour (worn)
Potions
 e - a potion of curing {unknown}
 g - a potion of invisibility {unknown}
 i - a potion of heal wounds {unknown}
 j - a potion of ambrosia {unknown}

Dungeon Overview and Level Annotations

Branches:
Dungeon (2/15)

Altars:


Message History

A gnoll comes into view. It is wielding a +0 flail.
You barely miss the gnoll.
The gnoll shouts!
Your kick misses the gnoll. You peck the gnoll.
The gnoll is severely wounded.
The gnoll hits you with a +0 club.
You barely miss the gnoll. You claw the gnoll.
You kill the gnoll!
Your Axes skill increases to level 4!
You hit the gnoll but do no damage. Your kick misses the gnoll.
You peck the gnoll, but do no damage.
The gnoll is almost dead.
The gnoll barely misses you.
You closely miss the gnoll. Your peck misses the gnoll.
The gnoll is almost dead.
The gnoll hits you but does no damage. The gnoll hits you with a +0 flail.
You closely miss the gnoll. You claw the gnoll.
You kill the gnoll!
The gnoll hits you but does no damage.
A kobold comes into view. It is wielding a +0 whip.
The kobold shouts!
The gnoll hits you but does no damage.
Items here: %% )).
You hit the gnoll. Your kick misses the gnoll. Your peck misses the gnoll.
The gnoll is heavily wounded.
The gnoll hits you but does no damage.
A kobold comes into view. It is wielding a +0 dagger.
You hit the gnoll. You claw the gnoll, but do no damage.
The gnoll is heavily wounded.
The gnoll hits you but does no damage. The gnoll hits you with a +0 spear.
You hit the gnoll.
The gnoll is severely wounded.
The gnoll hits you but does no damage.
You hit the gnoll.
You kill the gnoll!
Your Armour skill increases to level 2!
You hit the gnoll. Your peck misses the gnoll.
The gnoll is moderately wounded.
The gnoll hits you with a +0 flail.
You die...

.. ..> .... g...#
...## ##### .K.
#....
#.##############.###
#Kg@................
################.###
#.### #.... #####


You could see a gnoll and 2 kobolds.

Vanquished Creatures
  3 gnolls (D:2)
  3 dart slugs (D:1)
  2 ball pythons
  2 endoplasms (D:1)
  A goblin (D:1)
  A hobgoblin (D:1)
  2 quokkas (D:1)
  4 bats
  2 rats (D:1)
20 creatures vanquished.

Notes
Turn   | Place    | Note
-------+----------+-------------------------------------------
     0 | D:1      | qw the Tengu Warper began the quest for the Orb.
     0 | D:1      | Reached XP level 1. HP: 12/12 MP: 4/4
     0 | D:1      | 0 ||| qw: Version: 0.1-a-89-g26bdef1
     0 | D:1      | 0 ||| qw: Game counter: 1995
     0 | D:1      | 0 ||| qw: Always use a shield: true
     0 | D:1      | 0 ||| qw: God list: Okawaru
     0 | D:1      | 0 ||| qw: Allow faded altars: false
     0 | D:1      | 0 ||| qw: Do Orc after D:15 true
     0 | D:1      | 0 ||| qw: Do second Lair branch before Depths: true
     0 | D:1      | 0 ||| qw: Lair rune preference: random
     0 | D:1      | 0 ||| qw: Plans: Normal
     0 | D:1      | 0 ||| PLANNING D:1-11
   316 | D:1      | Reached skill level 3 in Axes
   316 | D:1      | Reached XP level 2. HP: 17/17 MP: 6/6
   367 | D:1      | 367 ||| Stepping ~*~*~tactically~*~*~ (stealth).
   371 | D:1      | 371 ||| Stepping ~*~*~tactically~*~*~ (stealth).
   523 | D:1      | 523 ||| Stepping ~*~*~tactically~*~*~ (hiding).
   525 | D:1      | 525 ||| Stepping ~*~*~tactically~*~*~ (hiding).
   648 | D:1      | Found a faded altar of an unknown god.
   866 | D:1      | 866 ||| UPGRADING to +0 plate armour.
   876 | D:1      | 876 ||| DROPPING +0 leather armour.
   877 | D:1      | 877 ||| READING scroll labelled DICEBI LAIKEA.
   878 | D:1      | 878 ||| READING scroll labelled NUNLOA ACAD.
   879 | D:1      | 879 ||| DROPPING scroll of blinking.
   978 | D:2      | Reached XP level 3. HP: 21/21 MP: 7/7
  1016 | D:2      | 1016 ||| Stepping ~*~*~tactically~*~*~ (hiding).
  1017 | D:2      | 1017 ||| Stepping ~*~*~tactically~*~*~ (hiding).
  1029 | D:2      | HP: 5/21 [gnoll/+0 club (2)]
  1031 | D:2      | Reached skill level 4 in Axes
  1036 | D:2      | HP: 1/21 [gnoll/+0 spear (2)]
  1039 | D:2      | Slain by a gnoll

Levels and vault maps discovered:
D:1:      dpeg_arrival_court, layout_basic,
          hellmonk_ecumenical_altar_leap_of_faith
D:2:      layout_basic, serial_shops, nicolae_shop_statue_plus, uniq_sigmund

Skill      XL: |  1  2  3 |
---------------+----------+-----
Axes           | 3 4 |  4.0
Armour         | 2 |  2.1
Fighting       | |  2.0
Throwing       | |  1.0
Dodging        | |  2.1
Spellcasting   | |  2.0
Translocations | |  2.4

Action                   || total
-------------------------++-------
Melee: Hand axe          ||    54
       Peck              ||     9
       Kick              ||    13
Throw: Boomerang         ||     7
  Use: Scroll            ||     2
Armor: Leather armour    ||    10
       Plate armour      ||    15
Dodge: Dodged            ||    14

Table legend:
 A = Non-vault XP
 B = Vault XP
 C = Vault XP percentage of total XP
 D = Non-vault monster count
 E = Vault monster count
 F = Vault count percentage of total count
                 A         B        C        D         E       F
            +---------+---------+-------+---------+---------+-------
      Total |      77 |       0 |   0.0 |      20 |       0 |   0.0
            +---------+---------+-------+---------+---------+-------
        D:1 |      31 |       0 |   0.0 |      15 |       0 |   0.0
        D:2 |      46 |       0 |   0.0 |       5 |       0 |   0.0
            +---------+---------+-------+---------+---------+-------
